 Dungeon Crawl Stone Soup version 0.24.0-13-gcf9b319 (webtiles) character file.

Game seed: 16499719676927982910, levelgen mode: deterministic

2965 Bronimir the Stinger (level 9, -7/76 HPs)
             Began as a Naga Venom Mage on Mar 27, 2020.
             Was a Follower of Makhleb.
             Mangled by a two-headed ogre
             ... wielding a +0 giant club
              (25 damage)
             ... on level 8 of the Dungeon.
             The game lasted 00:27:18 (9125 turns).

Bronimir the Stinger (Naga Venom Mage)              Turns: 9125, Time: 00:27:19

Health: -7/76      AC: 11    Str: 11    XL:     9   Next: 82%
Magic:  3/15       EV: 10    Int: 19    God:    Makhleb [*.....]
Gold:   334        SH:  0    Dex: 11    Spells: 1/16 levels left

rFire    . . .     SeeInvis +   a - +3 battleaxe
rCold    . . .     Gourm    .   (shield currently unavailable)
rNeg     . . .     Faith    .   E - +0 leather armour (curse)
rPois    +         Spirit   .   e - +2 helmet
rElec    .         Reflect  .   y - +0 cloak {MR+}
rCorr    +         Harm     .   M - +1 pair of gloves
MR       ++...                  (no barding)
Stlth    +++.......             (no amulet)
HPRegen  0.22/turn              w - ring of stealth
MPRegen  0.14/turn              l - ring of resist corrosion

@: short of breath, very slow
A: large, see invisible, deformed body, poison resistance, slowness 2, slow
metabolism 1, spit poison 1, AC +3
a: Spit Poison, Renounce Religion


You were on level 8 of the Dungeon.
You worshipped Makhleb.
Makhleb was aware of your devotion.
You were not hungry.

You visited 2 branches of the dungeon, and saw 9 of its levels.

You collected 334 gold pieces.

Inventory:

Hand Weapons
 a - a +3 battleaxe (weapon)
 b - a +0 longbow
 f - a +0 club
 v - a +0 spear
 C - a +4 flail of protection
 D - a cursed +0 scimitar
 L - a +0 broad axe
 O - a +0 spear
 S - a +0 hunting sling
Missiles
 g - 43 poisoned darts (quivered)
 h - 293 stones
 i - 148 arrows
 s - 57 sling bullets
 x - 26 bolts
Armour
 d - a +0 robe
 e - a +2 helmet (worn)
 m - a +0 pair of gloves
 n - a +0 robe
 u - a +0 ring mail
 y - a +0 cloak of magic resistance (worn)
 E - a cursed +0 leather armour (worn)
 M - a +1 pair of gloves (worn)
Jewellery
 l - a ring of resist corrosion (right hand)
 r - an uncursed ring of protection from fire
 w - a ring of stealth (left hand)
 I - a cursed -4 ring of strength {unknown}
 T - an uncursed amulet of regeneration
Wands
 B - a wand of digging (5)
 J - a wand of flame (17)
Scrolls
 j - 11 scrolls of identify
 o - 2 scrolls of magic mapping {unknown}
 q - a scroll of amnesia
 z - 2 scrolls of immolation {unknown}
 A - a scroll of fog
 F - 2 scrolls of teleportation
 G - a scroll of enchant weapon {unknown}
 H - a scroll of blinking
 N - a scroll of remove curse
 P - a scroll of silence {unknown}
 Q - a scroll of fear {unknown}
Potions
 k - a potion of flight {unknown}
 p - 4 potions of mutation {unknown}
 t - a potion of agility
 K - a potion of heal wounds {unknown}
 R - a potion of haste
Comestibles
 c - 5 rations


   Skills:
 * Level 3.6 Fighting
 + Level 1.2(2.7) Axes
 + Level 3.2(3.3) Maces & Flails
 + Level 1.9(2.1) Polearms
 + Level 3.6 Slings
 + Level 0.1 Bows
 * Level 3.7 Armour
 + Level 2.7 Dodging
 - Level 3.4 Stealth
 + Level 4.1 Spellcasting
 + Level 5.0 Conjurations
 + Level 2.9 Air Magic
 * Level 7.8 Poison Magic
 * Level 3.4 Invocations


You had one spell level left.
You knew the following spells:

 Your Spells              Type           Power        Failure   Level  Hunger
a - Sting                 Conj/Pois      ####         1%          1    None
b - Poisonous Vapours     Pois/Air       ###...       3%          2    ##.....
c - Mephitic Cloud        Conj/Pois/Air  ###.....     6%          3    ###....
d - Olgreb's Toxic Radia  Pois           ####....     7%          4    ####...
e - Venom Bolt            Conj/Pois      ####......   34%         5    ######.

Your spell library contained the following spells:

 Spells                   Type           Power        Failure   Level  Hunger
 Magic Dart               Conj           ###.         2%          1    None
 Animate Skeleton         Necr           N/A          17%         1    None
 Apportation              Tloc           #.....       17%         1    None
 Confusing Touch          Hex            #.....       17%         1    None
 Summon Small Mammal      Summ           #...         17%         1    None
 Searing Ray              Conj           ###...       3%          2    ##.....
 Dazzling Spray           Conj/Hex       ##....       19%         3    ###....
 Iskenderun's Mystic Bla  Conj           ###.....     22%         4    ####...
 Force Lance              Conj/Tloc      ##......     52%         4    ####...
 Fulminant Prism          Conj/Hex       ##........   52%         4    ####...


Dungeon Overview and Level Annotations

Branches:
Dungeon (8/15)             Temple (1/1) D:5
   Lair: D:8-11

Altars:
Ashenzari
Cheibriados
Dithmenos
Elyvilon
Fedhas
Hepliaklqana
Kikubaaqudgha
Makhleb
Qazlal
Ru
Sif Muna
Uskayaw
Vehumet
Xom
Yredelemnul
Zin
The Shining One

Shops:
D:5 *=


Innate Abilities, Weirdness & Mutations

You cannot wear boots.
Your serpentine skin is tough. (AC +3)
You have supernaturally acute eyesight. (SInv)
Armour fits poorly on your strangely shaped body.
Your system is resistant to poisons. (rPois)
You cover ground very slowly.
You have a slow metabolism.
You can spit poison.


Message History

Aim: a two-headed ogre, wielding two +0 giant clubs (moderately wounded, poisoned)
The splash of poison hits the two-headed ogre.
The two-headed ogre looks as sick as possible!
The two-headed ogre is heavily wounded.
You feel slightly more hungry. The hound bites you.
The hound skeleton bites you but does no damage.
The hound bites you.
The two-headed ogre hits you with a +0 giant club!!
* * * LOW HITPOINT WARNING * * *
The two-headed ogre closely misses you. The hound skeleton barely misses you.
Evoke which item? (* to show all) (? for menu, Esc to quit)
Aiming: Throw Flame
Press: ? - help, Shift-Dir - straight line, f/p - two-headed ogre
Aim: a two-headed ogre, wielding two +0 giant clubs (heavily wounded, poisoned)
The puff of flame hits the two-headed ogre.
The two-headed ogre is heavily wounded.
The hound barely misses you. The hound skeleton bites you.
* * * LOW HITPOINT WARNING * * *
The two-headed ogre hits you with a +0 giant club!!
You die...

...........#...#
...............#
.............†.###
............†<...######
..................#...#
#....)...............
#........)...........
.......................
###........(@.°........
.###
#####...#hOZ.........
...####
#...###...........
...........###
##(.####.##. ......
##.. #.....# ## ....##
...# #...#...... .....#
#.. ......###.(#...
....# ..###. ### #( .#
# ..


You could see a two-headed ogre, a hound and a hound skeleton.

Vanquished Creatures
  Edmund (D:6)
  2 orc warriors
  An ice beast (D:5)
  A necrophage (D:7)
  4 ogres
  4 bullfrogs (D:6)
  2 scorpions
  14 killer bees
  A wight (D:7)
  A howler monkey (D:4)
  3 crimson imps
  A hound (D:6)
  3 orc priests
  3 orc wizards (D:5)
  5 human zombies (D:7)
  A bullfrog skeleton (D:5)
  A human skeleton (D:7)
  3 iguanas
  Natasha (thrice) (D:2)
  6 worker ants
  2 ogre zombies (D:7)
  2 mummies (D:7)
  A howler monkey skeleton (D:7)
  10 adders
  4 oozes
  2 adder zombies
  An adder skeleton (D:3)
  3 worms
  3 dart slugs
  10 leopard geckos
  15 orcs
  A ball python (D:1)
  8 bats
  4 giant cockroaches
  6 goblins
  10 hobgoblins
  3 jackals (D:4)
  10 kobolds
  A quokka (D:2)
  9 frilled lizards
  A leopard gecko zombie (D:6)
  A quokka skeleton (D:4)
  9 rats
176 creatures vanquished.

Vanquished Creatures (collateral kills)
  A killer bee (D:4)
1 creature vanquished.

Vanquished Creatures (others)
  4 toadstools (D:1)
4 creatures vanquished.

Grand Total: 181 creatures vanquished

Notes
Turn   | Place    | Note
-------+----------+-------------------------------------------
     0 | D:1      | Bronimir the Naga Venom Mage began the quest for the Orb.
     0 | D:1      | Reached XP level 1. HP: 15/15 MP: 3/3
   201 | D:1      | Reached XP level 2. HP: 22/22 MP: 3/5
   650 | D:1      | Reached XP level 3. HP: 23/28 MP: 2/6
   796 | D:1      | Learned a level 2 spell: Poisonous Vapours
  1188 | D:2      | Reached skill level 5 in Poison Magic
  1188 | D:2      | Reached XP level 4. HP: 30/36 MP: 4/8
  1801 | D:2      | Noticed Natasha
  1815 | D:2      | Killed Natasha
  1815 | D:2      | Reached XP level 5. HP: 24/42 MP: 4/9
  2125 | D:2      | Noticed Natasha
  2133 | D:2      | Killed Natasha
  2134 | D:2      | Noticed Natasha
  2141 | D:2      | Killed Natasha
  2141 | D:2      | Reached skill level 1 in Slings
  2512 | D:3      | Found a glowing silver altar of Zin.
  2822 | D:3      | Found a radiant altar of Vehumet.
  2836 | D:3      | Found a blossoming altar of Fedhas.
  3182 | D:4      | Reached XP level 6. HP: 50/50 MP: 10/10
  3202 | D:4      | Learned a level 3 spell: Mephitic Cloud
  3207 | D:4      | Learned a level 4 spell: Olgreb's Toxic Radiance
  3248 | D:4      | Reached skill level 1 in Fighting
  3248 | D:4      | Reached skill level 1 in Armour
  3290 | D:4      | Reached XP level 7. HP: 41/57 MP: 4/11
  3672 | D:4      | Reached skill level 1 in Air Magic
  4056 | D:4      | Reached skill level 6 in Poison Magic
  4470 | D:5      | Entered Level 5 of the Dungeon
  4986 | D:5      | Found Yba Vezi's Jewellery Shoppe.
  5026 | D:5      | Reached skill level 1 in Polearms
  5070 | D:5      | Reached XP level 8. HP: 47/67 MP: 4/13
  5315 | D:5      | Found Huqishrae's General Store.
  5349 | D:5      | Found a staircase to the Ecumenical Temple.
  5407 | Temple   | Entered the Ecumenical Temple
  5506 | Temple   | Became a worshipper of Makhleb the Destroyer
  5811 | D:6      | Noticed Edmund
  5828 | D:6      | Killed Edmund
  6072 | D:6      | Reached skill level 7 in Poison Magic
  6072 | D:6      | Reached skill level 1 in Invocations
  6528 | D:6      | Found a radiant altar of Vehumet.
  6577 | D:6      | Reached skill level 1 in Maces & Flails
  6811 | D:7      | Reached XP level 9. HP: 73/74 MP: 10/14
  6844 | D:7      | Learned a level 5 spell: Venom Bolt
  7187 | D:7      | Reached * piety under Makhleb
  7244 | D:7      | Found an ancient bone altar of Kikubaaqudgha.
  8260 | D:8      | Noticed a two-headed ogre
  8562 | D:7      | Reached skill level 1 in Axes
  8563 | D:7      | Reached skill level 5 in Conjurations
  9125 | D:8      | Mangled by a two-headed ogre

Levels and vault maps discovered:
D:1:      ldierk_walled_garden_2, layout_basic, serial_glass, glass_columns_a,
          glass_columns_b, due_unseen_surprise, feat_on_display, minivault_23
D:2:      minmay_chambers_of_twos, layout_rooms, first_ration, st_stairs_3,
          uniq_natasha
D:3:      layout_loops_corners, zin_treasury, nicolae_overflow_hidden_temple,
          eino_curves_04, minmay_misc_feat_alley, grunt_decor_cap
D:4:      layout_loops_cross
D:5:      layout_basic, temple_pool_b, serial_shops, shop, shop
D:6:      layout_basic, chequers_serial_rivers_room_a, vehumet_altar_wand_db,
          uniq_edmund
D:7:      layout_basic, lemuel_mausoleum_altar_kikubaaqudgha,
          ebering_dispersal_statue_hall, kennysheep_boxes
D:8:      layout_cave_pools
Temple:   dshaligram_water_room_temple

Skill      XL: |  1  2  3  4  5  6  7  8  9 |
---------------+----------------------------+-----
Poison Magic   | 5 6 7 |  7.8
Spellcasting   | 3 4 |  4.1
Conjurations   | 2 3 4 5 |  5.0
Slings         | 1 2 3 |  3.6
Dodging        | 2 |  2.7
Fighting       | 1 2 3 |  3.6
Armour         | 1 2 3 |  3.7
Air Magic      | 1 2 |  2.9
Polearms       | 1 |  1.9
Invocations    | 2 3 |  3.4
Maces & Flails | 1 3 |  3.2
Axes           | 1 |  1.2
Bows           | |  0.1
Stealth        | |  3.4

Action                   |  1- 3 |  4- 6 |  7- 9 || total
-------------------------+-------+-------+-------++-------
Melee: Club              |    27 |    39 |       ||    66
       Spear             |       |     2 |   123 ||   125
       Flail             |       |       |   180 ||   180
       Battleaxe         |       |       |    59 ||    59
 Fire: Hunting sling     |       |    90 |    27 ||   117
       Longbow           |       |       |     7 ||     7
 Cast: Sting             |    28 |    34 |    48 ||   110
       Poisonous Vapours |       |     7 |    23 ||    30
       Mephitic Cloud    |       |     2 |    23 ||    25
       Olgreb's Toxic Ra |       |       |     5 ||     5
 Abil: Spit Poison       |    16 |    17 |    13 ||    46
Evoke: Wand              |       |       |     1 ||     1
  Use: Scroll            |       |     6 |     1 ||     7
       Potion            |       |     5 |     5 ||    10
 Stab: Sleeping          |     1 |     2 |     8 ||    11
       Confused          |       |       |     8 ||     8
       Distracted        |       |       |     1 ||     1
  Eat: Chunk             |     1 |     7 |    16 ||    24
       Ration            |       |       |     1 ||     1
Armor: Robe              |    13 |    60 |     6 ||    79
       Skin              |       |     5 |    14 ||    19
       Leather armour    |       |       |   224 ||   224
Dodge: Dodged            |    26 |    75 |   242 ||   343
